 Dungeon Crawl Stone Soup version 0.31-a0-325-g067879e3d3 (webtiles) character file.

Game seed: 1560894802179915744

637 Dittersdorf the Covered (level 7, -3/44 HPs)
             Began as a Gargoyle Fighter on July 18, 2023.
             Was a Follower of Okawaru.
             Slain by an ogre
             ... wielding a +0 giant club
              (24 damage)
             ... on level 5 of the Dungeon.
             The game lasted 00:06:14 (3608 turns).

Dittersdorf the Covered (Gargoyle Fighter)          Turns: 3608, Time: 00:06:14

Health: -3/44      AC: 14    Str: 22    XL:     7   Next: 50%
Magic:  7/7        EV:  9    Int:  8    God:    Okawaru [*.....]
Gold:   259        SH:  5    Dex:  9    Spells: 6/6 levels left

rFire   + + .        a - +0 flail
rCold   + + .        c - +0 buckler
rNeg    + . .        r - +0 fire dragon scales
rPois   ∞            (no helmet)
rElec   +            y - scarf {rC+ rF+}
rCorr   .            (no gloves)
SInv    .            (no boots)
Will    .....        m - amulet of faith Stlth
                     b - ring of protection from cold
HPRegen 0.27/turn    j - ring of ice
MPRegen 0.10/turn

%: faith
@: no status effects
A: sickness immunity, AC +4, negative energy resistance 1, electricity
resistance, torment resistance 1, petrification resistance
a: Renounce Religion, Heroism


You were on level 5 of the Dungeon.
You worshipped Okawaru.
Okawaru was aware of your devotion.
You visited 1 branch of the dungeon, and saw 5 of its levels.

You collected 259 gold pieces.

Inventory:

Hand Weapons
 a - a +0 flail (weapon)
Armour
 c - a +0 buckler (worn)
 p - a +0 chain mail
 r - +0 fire dragon scales (worn)
 y - a scarf of resistance (worn)
Jewellery
 b - a ring of protection from cold (left hand)
 j - a ring of ice (right hand)
 m - an amulet of faith (around neck)
 s - a ring of positive energy
 w - a ring of protection from fire
Wands
 x - a wand of mindburst (17)
Scrolls
 f - 4 scrolls of fear {unknown}
 g - 2 scrolls of blinking {unknown}
 h - a scroll of enchant armour {unknown}
 i - 3 scrolls of identify {unknown}
 k - a scroll of immolation {unknown}
 o - a scroll of acquirement {unknown}
 q - a scroll of revelation {unknown}
 t - a scroll of fog {unknown}
 u - a scroll of enchant weapon {unknown}
 z - a scroll of teleportation {unknown}
 A - a scroll of brand weapon {unknown}
Potions
 d - a potion of might
 e - a potion of heal wounds {unknown}
 l - 2 potions of berserk rage {unknown}
 n - 2 potions of curing {unknown}
 v - a potion of cancellation {unknown}


   Skills:
 + Level 5.3 Fighting
 + Level 4.3 Maces & Flails
 + Level 5.5 Armour
 + Level 5.4 Shields


You had 6 spell levels left.
You didn't know any spells.
Your spell library contained the following spells:

 Spells                   Type           Power      Damage    Failure   Level
 Dazzling Flash           Conj/Hex       0%         N/A       99%         3
 Volatile Blastmotes      Fire/Tloc      0%         2d10      99%         3
 Manifold Assault         Tloc           0%         N/A       100%        4
 Dispersal                Tloc           0%         N/A       100%        6
 Starburst                Conj/Fire      0%         6d3       100%        6
 Disjunction              Tloc           0%         N/A       100%        8
 Maxwell's Capacitive Co  Air            0%         ∞         100%        8


Dungeon Overview and Level Annotations

Branches:
Dungeon (5/15)
 Temple: D:4-7

Altars:
Nemelex Xobeh
Okawaru

Shops:
D:3 [   D:4 !


Innate Abilities, Weirdness & Mutations

You are immune to sickness and miasma.
Your stone body is resilient. (AC +4)
You are immune to poison.
You resist negative energy. (rN+)
You are resistant to electric shocks. (rElec)
You are resistant to unholy torment.
You are immune to petrification.


Message History

You are too injured to fight recklessly!
You are too injured to fight recklessly!
You are too injured to fight recklessly!
You are too injured to fight recklessly!
You are too injured to fight recklessly!
You are too injured to fight recklessly!
You are too injured to fight recklessly!
You are too injured to fight recklessly!
You are too injured to fight recklessly!
You are too injured to fight recklessly!
You are too injured to fight recklessly!
You are too injured to fight recklessly!
You are too injured to fight recklessly!
You are too injured to fight recklessly!
You are too injured to fight recklessly!
The adder attacks as you move away! You block the adder's attack.
The jackal attacks as you move away! The jackal barely misses you.
The orc attacks as you move away! The orc hits you but does no damage. x2
You block the adder's attack.
You see here 4 gold pieces.
You closely miss the orc.
The jackal bites you but does no damage.
You block the adder's attack. The adder bites you but does no damage.
The jackal closely misses you. You block the orc's attack.
The orc hits you but does no damage. The adder barely misses you.
You hit the orc but do no damage. The adder bites you but does no damage.
The jackal bites you but does no damage.
The adder closely misses you. The orc hits you with a +0 whip.
The jackal barely misses you.
You thump the orc!
You kill the orc!
Okawaru accepts your kill.
The jackal bites you but does no damage.
The orc misses you. The orc barely misses you.
An orc comes into view. It is wielding a +0 flail.
You block the adder's attack. The jackal barely misses you.
The ogre attacks as you move away!
The ogre hits you with a +0 giant club!!
Ouch! That really hurt!
You die...

....... .........
........########
..............##
#.............##
#........<.....#
#..............#
#....o)........#
###...S@o........#
......SOh......<.#
.###............##
#...........##
....#####(..###
..### #o.... .
..##### #. #


You could see an ogre, 2 adders, 3 orcs and a jackal.

Vanquished Creatures
  Grinder (D:5)
  A water moccasin (D:3)
  2 scorpions
  2 hounds (D:4)
  An iguana (D:4)
  6 adders
  A worm (D:2)
  3 dart slugs
  5 orcs
  7 ball pythons
  4 endoplasms
  3 giant cockroaches
  8 goblins
  4 hobgoblins
  3 jackals (D:1)
  4 kobolds
  4 quokkas
  7 bats
  9 frilled lizards
  4 rats
79 creatures vanquished.

Notes
Turn   | Place    | Note
-------+----------+-------------------------------------------
     0 | D:1      | Dittersdorf the Gargoyle Fighter began the quest for the
                  | Orb.
     0 | D:1      | Reached XP level 1. HP: 14/14 MP: 1/1
   133 | D:1      | Reached XP level 2. HP: 19/19 MP: 2/2
   676 | D:1      | Reached XP level 3. HP: 23/23 MP: 3/3
  1158 | D:2      | Identified the +0 robe of Pride {Int+4 Dex-5}
  1428 | D:2      | Reached XP level 4. HP: 28/29 MP: 4/4
  1855 | D:3      | Found an iron altar of Okawaru.
  1864 | D:3      | Became a worshipper of Warmaster Okawaru
  2245 | D:3      | Noticed a water moccasin
  2254 | D:3      | Killed a water moccasin
  2255 | D:3      | Reached XP level 5. HP: 34/34 MP: 5/5
  2315 | D:3      | Found Nots's Antique Armour Emporium.
  2577 | D:4      | Reached * piety under Okawaru
  2578 | D:4      | Reached XP level 6. HP: 39/39 MP: 6/6
  2732 | D:4      | Found a sparkling altar of Nemelex Xobeh.
  3048 | D:5      | Entered Level 5 of the Dungeon
  3300 | D:4      | Found Lisodeg's Distillery.
  3467 | D:4      | Reached skill level 5 in Armour
  3545 | D:5      | Noticed Grinder
  3550 | D:5      | Paralysed by Grinder for 3 turns
  3559 | D:5      | Paralysed by Grinder for 5 turns
  3570 | D:5      | Killed Grinder
  3571 | D:5      | Reached skill level 5 in Fighting
  3571 | D:5      | Reached skill level 5 in Shields
  3571 | D:5      | Reached XP level 7. HP: 43/44 MP: 3/7
  3608 | D:5      | Slain by an ogre

Illustrated notes

Levels and vault maps discovered:
D:1:      wheals_arrival_shading, layout_basic
D:2:      layout_loops_corners, grunt_decor_mini_mirrors
D:3:      wander_river, layout_rooms, okawaru_trees_2, serial_shops,
          nicolae_shop_just_a_little_nook, hangedman_decor_growths
D:4:      layout_basic, mainiacjoe_overflow_24_doors, serial_shops,
          nicolae_shop_pleasant_corner_grove
D:5:      layout_rooms, jmf_multi_god_temple2, serial_corexii_hall,
          corexii_hall_statues_i, corexii_hall_statues_i, minmay_circle_x,
          uniq_ijyb, uniq_grinder

Skill      XL: |  1  2  3  4  5  6 |
---------------+-------------------+-----
Armour         | 4 5 |  5.5
Shields        | 4 5 |  5.4
Fighting       | 4 5 |  5.3
Maces & Flails | 3 4 |  4.3

Action                     |  1- 3 |  4- 6 |  7- 9 || total
---------------------------+-------+-------+-------++-------
  Melee: Flail             |   123 |   108 |    30 ||   261
  Throw: Dart              |       |     3 |       ||     3
 Invoke: Heroism           |       |     2 |       ||     2
 Armour: Scale mail        |    63 |       |       ||    63
         Chain mail        |     6 |     5 |       ||    11
         Fire dragon scale |       |    53 |    77 ||   130
  Dodge: Dodged            |    63 |    47 |    57 ||   167
  Block: Buckler           |    26 |    28 |    30 ||    84

Table legend: (Time is in decaauts)
 A = Elapsed time spent in this place.
 B = Non-inter-level travel time spent in this place.
 C = Inter-level travel time spent in this place.
 D = Time resting spent in this place.
 E = Time spent auto-exploring this place.
 F = Levels seen in this place.
 G = Mean time per level.
                   A        B        C        D        E       F      G
               +--------+--------+--------+--------+--------+-----+--------+
         Total |   3704 |   3463 |    241 |      0 |   2796 |   5 |  740.8 |
       Dungeon |   3704 |   3463 |    241 |      0 |   2796 |   5 |  740.8 |
               +--------+--------+--------+--------+--------+-----+--------+

Top non-repeatable levels by time:
     D:4: 1131 daAuts
     D:2: 1045 daAuts
     D:1: 890 daAuts
     D:3: 559 daAuts
     D:5: 76 daAuts
